cohdb
Replays
Latest Replays
All Replays
Popular Replays
Top Player Replays
Match Explorer
How It Works
Community
CoH3 Stats
Reddit
Sign in to upload your games and track your stats! →
Sign in with Steam
Match 45749865
Unlisted
Match 45749865
Overview
Messages
Build Orders
End
Pioneer Squad
Construct Infanterie Kompanie
Grenadier Squad
MG 42 Machine Gun Team
Grenadier Squad
Infanterie Officer Quarters
GrW 34 Mortar Team
Construct Panzergrenadier Kompanie
Selects Mechanized Battlegroup
Selects Raid Package
Pak 40 Anti-tank Gun Team
Panzergrenadier Officer Quarters
Panzergrenadier Squad
251 Medium Carrier
Selects 8 Rad Armored Car
Selects UNKNOWN (2160084)
8 Rad Armored Car
Construct Panzer Kompanie
Panther Heavy Tank
Selects Mobile Repair Stations
Selects Wespe Self-propelled Artillery
Grenadier Squad
Wespe Self-propelled Artillery
Panzergrenadier Squad
Panzergrenadier Squad
Clumsy
Royce
L1mbo
ionwood
Makieehee
[TW]S.C.
Some_Devil
cheez931
0
0
Comments
sign in to comment!
No comments posted yet!